 Dungeon Crawl Stone Soup version 0.27-a0-277-g024f7ef292 (webtiles) character file.

Game seed: 8570623325858540213

1316 richaworth the Cleaver (level 8, 0/69 HPs)
             Began as a Minotaur Fighter on Feb 5, 2021.
             Was an Initiate of Okawaru.
             Succumbed to a hornet's poison
             ... on level 7 of the Dungeon.
             The game lasted 00:18:02 (6582 turns).

richaworth the Cleaver (Minotaur Fighter)           Turns: 6582, Time: 00:18:02

Health: 0/69       AC:  9    Str: 22    XL:     8   Next: 33%
Magic:  7/7        EV:  8    Int:  6    God:    Okawaru [......]
Gold:   416        SH: 10    Dex: 10    Spells: 7/7 levels left

rFire    . . .     SeeInvis .   a - +0 war axe
rCold    . . .     Faith    .   c - +0 kite shield
rNeg     . . .     Spirit   .   b - +0 scale mail
rPois    +         Reflect  .   (helmet restricted)
rElec    .         Harm     .   v - scarf {repulsion}
rCorr    .         Rampage  +   (no gloves)
Will     .....                  u - +0 pair of boots {rampage}
Stlth    ..........             (no amulet)
HPRegen  0.21/turn              n - ring of poison resistance
MPRegen  0.10/turn              (no ring)

@: lethally poisoned (0 -> -5), flying, repel missiles
A: retaliatory headbutt, horns 2
a: Renounce Religion


You were on level 7 of the Dungeon.
You worshipped Okawaru.
Okawaru was noncommittal.
You visited 2 branches of the dungeon, and saw 8 of its levels.

You collected 416 gold pieces.

Inventory:

Hand Weapons
 a - a +0 war axe (weapon)
 d - a +2 vorpal dire flail
 k - a +0 shortbow
Missiles
 g - 92 arrows
Armour
 b - a +0 scale mail (worn)
 c - a +0 kite shield (worn)
 h - a +0 cloak
 s - a +2 ring mail of fire resistance
 u - a +0 pair of boots of rampaging (worn)
 v - a scarf of repulsion (worn)
 z - a +0 tower shield
Jewellery
 n - a ring of poison resistance (left hand)
Wands
 w - a wand of flame (22)
 x - a wand of random effects (16)
 y - a wand of mindburst (5)
Scrolls
 i - 3 scrolls of teleportation
 j - 2 scrolls of identify
 l - 3 scrolls of amnesia
 m - 3 scrolls of remove curse
 p - a scroll of fear
 q - a scroll of summoning {unknown}
 r - a scroll of fog {unknown}
 t - a scroll of enchant weapon {unknown}
Potions
 e - 3 potions of magic


   Skills:
 + Level 5.4 Fighting
 * Level 8.5 Axes
 * Level 7.2 Armour
 + Level 6.1 Shields


You had 7 spell levels left.
You didn't know any spells.
Your spell library was empty.

Dungeon Overview and Level Annotations

Branches:
Dungeon (7/15)             Temple (1/1) D:6

Altars:
Cheibriados
Dithmenos
Elyvilon
Fedhas
Hepliaklqana
Makhleb
Okawaru
Qazlal
Trog
Vehumet
Wu Jian
Xom
Yredelemnul
Zin
The Shining One

Annotations:
D:4 2 transporters, Borgoz's ghost, amateur GrBe


Innate Abilities, Weirdness & Mutations

You reflexively headbutt those who attack you in melee.
You have a pair of horns on your head.


Message History

The hornet stings you but does no damage.
You can move again.
You completely miss the hornet. Your headbutt misses the hornet.
The hornet is heavily wounded.
The hornet stings you.
* * * LOW HITPOINT WARNING * * *
The hornet stings you!
* * * LOW HITPOINT WARNING * * *
You feel yourself slow down.
You feel very buoyant.
You fly up into the air.
You block the hornet's attack.
The hornet stings you but does no damage.
You feel yourself speed up. The hornet stings you.
* * * LOW HITPOINT WARNING * * *
You are lethally poisoned!
Okay, then.
* * * LOW HITPOINT WARNING * * *
You feel sick. You block the hornet's attack.
You die...

#.......#..#.#.#.#.#.#.
#.....(##.#...#...#...#
#.......'..#.#.#.#.#.#.
#.......'...#.#.#.#.#.#
#.......'..#.#.#.#.#.#.
###.....#.#...#...#...#
#.#####..#.#.#.#.#.#.
#o######..#...#.#.#..
#.y.@..##..#.#.#.#.#.
#.....>.##..#...#...#
#........##..#.#.#.#.
######....##..#...#..
#8#....###.......#
......# ###'''###
#....###.....#..
#####.....###...###.
.[........###.#..#..


You could see a hornet and an orc.

Vanquished Creatures
  Edmund (D:6)
  2 ogres (D:7)
  A centaur (D:3)
  A bullfrog (D:7)
  A scorpion (D:4)
  A water moccasin skeleton (D:3)
  2 howler monkeys (D:7)
  A vampire bat (D:3)
  A hound (D:4)
  Crazy Yiuf (D:2)
  2 orc priests
  A centaur skeleton (D:4)
  2 orc wizards
  An iguana (D:6)
  2 worker ants
  A hound zombie (D:7)
  3 gnolls (D:3)
  11 adders
  A shadow imp (D:5)
  An ufetubus (D:5)
  2 adder zombies (D:5)
  2 adder skeletons
  4 worms
  2 dart slugs
  3 fire bats (D:3)
  5 leopard geckos
  19 orcs
  2 spectral bats (D:3)
  18 bats
  3 bat skeletons (D:3)
  A bat zombie (D:3)
  7 giant cockroaches
  10 hobgoblins
  7 jackals (D:3)
  2 quokkas (D:5)
  A bat simulacrum (D:3)
  3 frilled lizards
  9 goblins
  13 kobolds
  A quokka skeleton (D:4)
  10 rats
161 creatures vanquished.

Vanquished Creatures (others)
  An orc wizard (D:5)
  15 plants
16 creatures vanquished.

Grand Total: 177 creatures vanquished

Notes
Turn   | Place    | Note
-------+----------+-------------------------------------------
     0 | D:1      | richaworth the Minotaur Fighter began the quest for the
                  | Orb.
     0 | D:1      | Reached XP level 1. HP: 19/19 MP: 0/0
   128 | D:1      | Reached XP level 2. HP: 27/27 MP: 1/1
   390 | D:1      | Reached XP level 3. HP: 33/33 MP: 2/2
   498 | D:1      | Reached skill level 3 in Axes
   800 | D:2      | Found a faded altar of an unknown god.
   997 | D:2      | Found a runed translucent door.
   998 | D:2      | Noticed Crazy Yiuf
  1151 | D:2      | Reached XP level 4. HP: 39/40 MP: 3/3
  1802 | D:2      | Killed Crazy Yiuf
  1844 | D:3      | Reached skill level 4 in Axes
  1953 | D:3      | Reached XP level 5. HP: 46/46 MP: 4/4
  2437 | D:3      | Reached skill level 5 in Axes
  2437 | D:3      | Reached skill level 5 in Armour
  2440 | D:3      | Reached skill level 5 in Shields
  2506 | D:3      | Reached XP level 6. HP: 53/53 MP: 5/5
  3145 | D:3      | Reached skill level 6 in Axes
  3603 | D:3      | Reached XP level 7. HP: 58/60 MP: 6/6
  3806 | D:4      | Found a transporter.
  3816 | D:4      | Noticed Borgoz's ghost (amateur GrBe)
  3899 | D:4      | Found a transporter.
  3928 | D:5      | Entered Level 5 of the Dungeon
  4129 | D:5      | Reached skill level 5 in Fighting
  4169 | D:5      | Reached skill level 7 in Axes
  4709 | D:6      | Noticed Edmund
  4718 | D:6      | Killed Edmund
  5700 | D:6      | Found a staircase to the Ecumenical Temple.
  5708 | Temple   | Entered the Ecumenical Temple
  5941 | Temple   | Became a worshipper of Warmaster Okawaru
  6113 | D:6      | Found a glowing silver altar of Zin.
  6327 | D:7      | Reached XP level 8. HP: 66/68 MP: 7/7
  6333 | D:7      | Reached skill level 8 in Axes
  6558 | D:7      | Noticed a hornet
  6576 | D:7      | Paralysed by a hornet for 2 turns
  6580 | D:7      | HP: 2/69 [hornet (4)]
  6582 | D:7      | Succumbed to a hornet's poison

Illustrated notes

Levels and vault maps discovered:
D:1:      lemuel_arrival_river_ford, layout_loops_cross, serial_bayou_crossing
D:2:      layout_basic, chequers_ecumenical_altar_island, chequers_big_river,
          uniq_crazy_yiuf_cottage
D:3:      minmay_razor_zed, layout_loops_ring, dk_vineyard_1, goddamned_bats
D:4:      layout_basic, gammafunk_ghost_arena
D:5:      layout_basic
D:6:      layout_basic, zin_treasury, minmay_temple_entry_statues_fountains,
          uniq_edmund
D:7:      layout_rooms, kennysheep_little_box, amcnicky_mini_corridor_feature,
          kennysheep_cluttered_room, minivault_11
Temple:   dpeg_five_rooms_temple

Skill      XL: |  1  2  3  4  5  6  7  8 |
---------------+-------------------------+-----
Shields        | 4 5 6 |  6.1
Fighting       | 4 5 |  5.4
Armour         | 4 5 6 7 |  7.2
Axes           | 3 4 5 6 7 8 |  8.5

Action                   |  1- 3 |  4- 6 |  7- 9 || total
-------------------------+-------+-------+-------++-------
Melee: War axe           |    97 |   204 |   126 ||   427
       Headbutt          |    10 |    25 |    22 ||    57
  Use: Potion            |     3 |     3 |     3 ||     9
       Scroll            |     3 |     4 |     2 ||     9
Armor: Scale mail        |    46 |   107 |    53 ||   206
Dodge: Dodged            |    39 |    78 |    35 ||   152
Block: Kite shield       |    65 |   135 |    70 ||   270

Table legend: (Time is in decaauts)
 A = Elapsed time spent in this place.
 B = Non-inter-level travel time spent in this place.
 C = Inter-level travel time spent in this place.
 D = Time resting spent in this place.
 E = Time spent auto-exploring this place.
 F = Levels seen in this place.
 G = Mean time per level.
                   A        B        C        D        E       F      G
               +--------+--------+--------+--------+--------+-----+--------+
         Total |   6816 |   6344 |    472 |    489 |   4517 |   8 |  852.0 |
       Dungeon |   6506 |   6184 |    322 |    489 |   4401 |   7 |  929.4 |
        Temple |    310 |    160 |    150 |      0 |    116 |   1 |  310.0 |
               +--------+--------+--------+--------+--------+-----+--------+

Top non-repeatable levels by time:
     D:3: 1880 daAuts
     D:6: 1332 daAuts
     D:2: 1200 daAuts
     D:1: 786 daAuts
     D:5: 731 daAuts
     D:7: 311 daAuts
  Temple: 310 daAuts
     D:4: 264 daAuts
